 Dungeon Crawl Stone Soup version 0.24.0-37-gcf1ca852f1 (webtiles) character file.

Game seed: 3851994409309366096, levelgen mode: deterministic

599 Gremour the Fighter (level 7, 0/71 HPs)
             Began as a Hill Orc Fighter on Nov 22, 2019.
             Was a Follower of Yredelemnul.
             Slain by an adder (2 damage)
             ... on level 4 of the Dungeon on Dec 5, 2019.
             The game lasted 00:18:19 (2727 turns).

Gremour the Fighter (Hill Orc Fighter)              Turns: 2727, Time: 00:18:20

Health: 0/71       AC:  2    Str: 21    XL:     7   Next: 41%
Magic:  7/7        EV: 11    Int:  6    God:    Yredelemnul [*.....]
Gold:   155        SH:  5    Dex: 12    Spells: 6/6 levels left

rFire    + . .     SeeInvis .   (no weapon)
rCold    . . .     Gourm    .   (no shield)
rNeg     . . .     Faith    .   (no armour)
rPois    .         Spirit   .   (no helmet)
rElec    .         Reflect  +   (no cloak)
rCorr    .         Harm     .   (no gloves)
MR       .....                  (no boots)
Stlth    +.........             k - +5 amulet of reflection
HPRegen  0.61/turn              n - ring of protection from fire
MPRegen  0.10/turn              u - ring of wizardry

@: lethally poisoned (0 -> -1)
A: iridescent scales 1, dopey 1, regeneration 1, strong 1
a: Animate Remains, Renounce Religion


You were on level 4 of the Dungeon.
You worshipped Yredelemnul.
Yredelemnul was aware of your devotion.
You were hungry.

You visited 1 branch of the dungeon, and saw 4 of its levels.

You collected 155 gold pieces.

Inventory:

Hand Weapons
 j - a +2 vampiric scythe
Missiles
 p - 6 silver javelins (quivered)
Armour
 b - a +0 scale mail
Jewellery
 k - a +5 amulet of reflection (around neck)
 n - a ring of protection from fire (left hand)
 u - a ring of wizardry (right hand)
Scrolls
 e - a scroll of teleportation
 m - a scroll of magic mapping
 q - a scroll of blinking {unknown}
 r - a scroll of fog {unknown}
 t - a scroll of enchant weapon {unknown}
Potions
 d - 2 potions of might
 h - a potion of flight {unknown}
 i - a potion of lignification {unknown}
 l - a potion of degeneration {unknown}
 s - a potion of agility {unknown}
Comestibles
 f - 7 rations
 o - 3 chunks of flesh


   Skills:
 * Level 9.7 Fighting
   Level 2.8 Axes
 - Level 3.6 Armour
   Level 3.4 Shields


You had 6 spell levels left.
You didn't know any spells.
Your spell library was empty.

Dungeon Overview and Level Annotations

Branches:
Dungeon (4/15)
 Temple: D:4-7

Altars:
Yredelemnul

Shops:
D:4 ?


Innate Abilities, Weirdness & Mutations

You are partially covered in iridescent scales. (AC +2)
You are dopey. (Int -2)
Your natural rate of healing is unusually fast.
Your muscles are strong. (Str +2)


Message History

You block the adder's attack. The adder barely misses you.
You feel sick. The adder completely misses you.
The frilled lizard barely misses you.
You feel sick. The adder closely misses you. The adder bites you.
* * * LOW HITPOINT WARNING * * *
The adder bites you.
* * * LOW HITPOINT WARNING * * *
You are more poisoned.
The adder poisons you! The adder bites you.
* * * LOW HITPOINT WARNING * * *
You feel sick. You block the frilled lizard's attack.
The adder barely misses you.
You feel sick. The adder closely misses you. The adder bites you.
* * * LOW HITPOINT WARNING * * *
The adder barely misses you.
You feel sick. The adder bites you but does no damage.
The adder closely misses you. The adder bites you.
You die...
Your body rises from the dead as a mindless zombie.

##...###......##
##### ###.>........##
#....
..#########.#####..#
#.## #........# ..#
#.)......# ##.#
##........# .#<#
####.........#
.))###............#
#......##......S@.#
...............Sl.#
###.......(.......###
.....#...........#
#.##.####........#
.##.# #.....)..# ## .
#........# #........#
....#######


You could see 2 adders and a frilled lizard.

Vanquished Creatures
  Sigmund (D:3)
  An ogre (D:4)
  A crimson imp (D:3)
  A hound (D:3)
  3 orc priests (D:4)
  A worker ant (D:4)
  A hound skeleton (D:4)
  Robin (D:2)
  6 adders
  An adder skeleton (D:4)
  4 worms
  2 leopard geckos
  10 orcs
  A giant cockroach (D:3)
  14 goblins
  15 hobgoblins
  8 jackals
  6 bats
  5 frilled lizards
  5 kobolds
  4 rats
91 creatures vanquished.

Notes
Turn   | Place    | Note
-------+----------+-------------------------------------------
     0 | D:1      | Gremour the Hill Orc Fighter began the quest for the Orb.
     0 | D:1      | Reached XP level 1. HP: 19/19 MP: 1/1
   130 | D:1      | Reached XP level 2. HP: 27/27 MP: 2/2
   184 | D:1      | Reached skill level 4 in Fighting
   795 | D:1      | Reached XP level 3. HP: 34/34 MP: 3/3
  1035 | D:2      | Reached skill level 5 in Fighting
  1091 | D:2      | Noticed Robin
  1106 | D:2      | Gained mutation: You are dopey. (Int -2) [potion of
                  | mutation]
  1106 | D:2      | Gained mutation: You are partially covered in iridescent
                  | scales. (AC +2) [potion of mutation]
  1106 | D:2      | Gained mutation: Your muscles are strong. (Str +2) [potion
                  | of mutation]
  1106 | D:2      | Gained mutation: Your natural rate of healing is unusually
                  | fast. [potion of mutation]
  1115 | D:2      | Killed Robin
  1115 | D:2      | Reached XP level 4. HP: 23/42 MP: 4/4
  1617 | D:2      | Found a basalt altar of Yredelemnul.
  1631 | D:2      | Became a worshipper of Yredelemnul the Dark
  1752 | D:3      | Reached skill level 6 in Fighting
  1836 | D:3      | Reached XP level 5. HP: 49/51 MP: 5/5
  1874 | D:3      | Reached skill level 7 in Fighting
  2088 | D:3      | Noticed Sigmund
  2120 | D:3      | Killed Sigmund
  2120 | D:3      | Reached skill level 8 in Fighting
  2120 | D:3      | Reached XP level 6. HP: 38/62 MP: 6/6
  2366 | D:4      | Reached * piety under Yredelemnul
  2411 | D:4      | Reached skill level 9 in Fighting
  2411 | D:4      | Reached XP level 7. HP: 33/70 MP: 7/7
  2586 | D:4      | Found Joxydghaf's Magic Scroll Shoppe.
  2723 | D:4      | HP: 3/71 [adder (1)]
  2725 | D:4      | HP: 1/71 [adder (1)]
  2727 | D:4      | Slain by an adder

Levels and vault maps discovered:
D:1:      dpeg_arrival_radiant, layout_loops_ring, minmay_bisected
D:2:      layout_basic, marbit_many_paths, first_ration, serial_bayou_pond_b,
          uniq_robin
D:3:      layout_loops_ring, uniq_sigmund
D:4:      layout_rooms, nicolae_overflow_crystal_walls, serial_shops,
          kennysheep_mini, minmay_checkerbox

Skill      XL: |  1  2  3  4  5  6 |
---------------+-------------------+-----
Fighting       | 4 5 6 8 9 |  9.7
Axes           | |  2.8
Armour         | |  3.6
Shields        | |  3.4

Action                   |  1- 3 |  4- 6 |  7- 9 || total
-------------------------+-------+-------+-------++-------
Melee: War axe           |   128 |   167 |    43 ||   338
  Use: Scroll            |     1 |     4 |       ||     5
       Potion            |     1 |       |       ||     1
  Eat: Chunk             |     1 |     5 |       ||     6
Armor: Scale mail        |    53 |    78 |    23 ||   154
       Skin              |       |       |     8 ||     8
Dodge: Dodged            |    46 |    46 |    61 ||   153
Block: Shield            |    59 |    85 |    32 ||   176
       Other             |       |       |    22 ||    22
